Map: Lost and Found LE

Players

FLORENCIO - Winner!

  • Race: Protoss Protoss
  • League: Grandmaster
  • Spawn Location: 1:00

Lon

  • Race: Protoss Protoss
  • League: Diamond
  • Spawn Location: 7:00

VOD

Have the link to the VOD?

Description

Time

  • Played on: Aug. 20, 2018, 7:41 p.m.
  • Length: 13:02
Show
View Real Time Build Order
Export as new Build Order

FLORENCIO Protoss - Winner!

Build Orders:  

Get SALT Encoding   

  12  0:01  Probe  
  13  0:15  Pylon  
  13  0:18  Probe  
  14  0:30  Probe  
  15  0:42  Probe  
  16  0:57  Pylon  
  16  1:20  Gateway  
  16  1:24  Gateway  
  16  1:27  Pylon  
  16  1:30  Pylon  
  16  1:36  Gateway  
  16  1:45  Pylon  
  16  1:46  Pylon  
  16  1:52  Gateway  
  16  1:59  Gateway  
  16  2:00  Zealot  
  18  2:11  Gateway  
  18  2:14  Zealot  
  20  2:23  Gateway  
  20  2:34  Pylon  
  20  2:37  Zealot  
  20  2:50  Pylon  
  20  2:53  Zealot  
  20  2:55  Zealot  
  20  2:56  Zealot  
  26  3:12  Zealot  
  26  3:13  Zealot  
  28  3:23  Zealot  
  28  3:31  Zealot  
  25  3:43  Zealot  
  27  3:49  Zealot  
  27  3:55  Zealot  
  31  4:05  Zealot  
  31  4:10  Zealot  
  31  4:17  Zealot  
  33  4:22  Zealot  
  29  4:47  Zealot  
  29  4:49  Zealot  
  29  4:56  Zealot  
  27  5:05  Zealot  
  23  5:14  Zealot  
  23  5:16  Zealot  
  19  5:54  Forge  
  19  5:56  Cybernetics Core  
  17  5:59  Assimilator, Probe  
  17  6:03  Assimilator  
  18  6:07  Probe  
  19  6:15  Probe  
  20  6:25  Probe  
  20  6:27  Nexus  
  20  6:28  Photon Cannon  
  21  6:38  Probe  
  22  6:40  Photon Cannon  
  24  6:54  Shield Battery  
  24  7:07  Photon Cannon  
  24  7:20  Photon Cannon  
  24  7:27  Probe  
  23  7:35  Pylon  
  23  7:39  Probe  
  24  7:51  Probe  
  24  7:52  Probe  
  26  7:59  Stargate  
  26  8:03  Probe  
  26  8:04  Probe  
  28  8:15  Stargate  
  28  8:16  Probe  
  28  8:17  Probe  
  30  8:25  Probe  
  30  8:28  Probe  
  30  8:33  Pylon, Probe  
  31  8:42  Assimilator  
  31  8:45  Probe  
  31  8:46  Assimilator  
  32  8:48  Void Ray  
  36  9:00  Void Ray  
  40  9:10  Probe  
  39  9:28  Void Ray  
  38  10:08  Pylon  
  38  10:26  Void Ray  
  38  10:27  Probe  
  42  10:29  Pylon  
  42  10:35  Probe  
  41  11:02  Void Ray  
  41  11:55  Pylon  
  41  12:13  Void Ray  
Show
View Real Time Build Order
Export as new Build Order

Lon Protoss 

Build Orders:  

Get SALT Encoding   

  12  0:00  Probe  
  13  0:13  Probe  
  14  0:24  Pylon  
  14  0:25  Probe  
  15  0:38  Probe  
  15  0:42  Gateway  
  16  0:46  Probe  
  16  0:49  Assimilator  
  16  0:56  Probe  
  17  0:59  Assimilator  
  18  1:22  Zealot  
  18  1:28  Gateway  
  18  1:29  Cybernetics Core  
  20  1:50  Zealot  
  20  1:51  Gateway  
  22  1:58  Pylon  
  22  2:08  Probe  
  23  2:14  Zealot  
  23  2:18  Zealot  
  27  2:31  Shield Battery  
  27  2:38  Zealot  
  28  2:54  Zealot  
  30  3:14  Probe  
  31  3:22  Pylon  
  31  3:32  Zealot  
  31  3:38  Zealot  
  31  3:47  Shield Battery, Probe  
  32  3:49  Warp Gate  
  31  4:00  Zealot  
  30  4:05  Probe  
  26  4:13  Probe  
  22  4:23  Probe  
  24  4:34  Adept  
  24  4:37  Adept  
  20  4:54  Adept  
  20  4:56  Adept  
  15  5:23  Adept  
  15  5:28  Probe  
  16  5:57  Probe  
  17  6:08  Probe  
  18  6:16  Probe  
  18  6:24  Probe  
  20  6:39  Adept x2  
  24  6:41  Adept  
  26  7:08  Zealot  
  28  7:09  Probe  
  29  7:21  Probe  
  26  7:39  Probe  
  25  7:44  Zealot  
  25  7:45  Zealot  
  25  7:47  Probe  
  30  7:55  Probe  
  31  8:06  Probe  
  32  8:16  Probe  
  33  8:24  Robotics Facility, Probe  
  33  8:32  Probe  
  35  8:44  Probe  
  36  8:51  Assimilator  
  36  8:56  Probe  
  37  9:08  Adept  
  37  9:12  Observer  
  37  9:14  Pylon  
  38  9:49  Immortal  
  38  9:52  Stalker x2  
  46  9:58  Pylon  
  46  10:17  Nexus  
  46  10:20  Pylon  
  46  10:31  Sentry, Stalker  
  46  10:33  Stalker  
  52  10:40  Probe  
  52  10:48  Probe  
  48  10:59  Stalker  
  44  11:27  Pylon x2  
  44  11:29  Pylon  
  44  11:30  Pylon  
Tags
 
Add a new tag
Caveats
  • Supply blocks, unpowered buildings, or Contaminate may cause inaccurate times.
  • Supply counts are checked every 10 seconds.